| TOP OF THE 1ST |
|
Gwinnett Braves batting - Pitching for Reno Aces : RHP Cody Savastand
|
|
Pitching: RHP Cody Savastand
|
|
|
Batting: RHB Nate Taylor
|
0-0: Ball 1-0: Ball 2-0: Ground out U3 (Groundball, 3, EV 83.1 MPH)
|
|
Batting: LHB Chris Locklear
|
0-0: Ball 1-0: Ball 2-0: Swinging Strike 2-1: Ball 3-1: Base on Balls
|
|
Batting: LHB David Bramble
|
0-0: Ball 1-0: Swinging Strike 1-1: Ball 2-1: Called Strike 2-2: Strikes out swinging
|
|
Batting: SHB Bob Morales
|
0-0: Foul Ball, location: 2F 0-1: Ball 1-1: Called Strike Chris Locklear is caught stealing 2nd base 2-6
|
| Top of the 1st over - 0 runs, 0 hits, 0 errors, 0 left on base; Gwinnett 0 - Reno 0 |
| BOTTOM OF THE 1ST |
|
Reno Aces batting - Pitching for Gwinnett Braves : LHP Kyle Foster
|
|
Pitching: LHP Kyle Foster
|
|
|
Batting: RHB Roberto Rodriguez
|
0-0: Ball 1-0: Ground out 4-3 (Groundball, 4, EV 102.5 MPH)
|
|
Batting: RHB Danny Gerardo
|
0-0: Called Strike 0-1: Swinging Strike 0-2: Ball 1-2: Strikes out swinging
|
|
Batting: RHB Marlon Reda
|
0-0: Ball 1-0: Foul Ball, location: 2F 1-1: Fly out, F8 (Line Drive, 89M, EV 103.8 MPH)
|
| Bottom of the 1st over - 0 runs, 0 hits, 0 errors, 0 left on base; Gwinnett 0 - Reno 0 |
| TOP OF THE 2ND |
|
Gwinnett Braves batting - Pitching for Reno Aces : RHP Cody Savastand
|
|
Batting: SHB Bob Morales
|
0-0: Foul Ball, location: 2F 0-1: SINGLE (Line Drive, 78S, EV 97.5 MPH)
|
|
Batting: SHB Brian Bagley
|
0-0: Ball 1-0: 2-RUN HOME RUN (Flyball, 7LD, EV 95.0 MPH), Distance : 374 ft
|
|
Batting: RHB Alex Munoz
|
0-0: Called Strike 0-1: Foul Ball, location: 2F 0-2: Ball 1-2: Strikes out swinging
|
|
Batting: RHB John Peterson
|
0-0: Called Strike 0-1: Ball 1-1: Ball 2-1: Ball 3-1: Base on Balls
|
|
Batting: RHB Dave Nickerson
|
0-0: Called Strike 0-1: Ball 1-1: Fly out, F6 (Flyball, 56D, EV 80.6 MPH)
|
|
Batting: RHB Mike Manchester
|
0-0: Called Strike John Peterson is caught stealing 2nd base 2-4
|
| Top of the 2nd over - 2 runs, 2 hits, 0 errors, 0 left on base; Gwinnett 2 - Reno 0 |
| BOTTOM OF THE 2ND |
|
Reno Aces batting - Pitching for Gwinnett Braves : LHP Kyle Foster
|
|
Batting: LHB Sam Dowdy
|
0-0: Ball 1-0: Foul Ball, location: 2F 1-1: Foul Ball, location: 2F 1-2: Ball 2-2: SINGLE (Groundball, 34D, EV 94.4 MPH) (infield hit)
|
|
Batting: LHB Steve Reinhart
|
0-0: Ball 1-0: SINGLE (Groundball, 56D, EV 105.0 MPH) Sam Dowdy to second
|
|
Batting: RHB Edgar Garcia
|
0-0: Called Strike 0-1: Grounds into double play, 6-4-3 (Groundball, 6, EV 90.0 MPH) Sam Dowdy to third
|
|
Batting: RHB Dan Boylan
|
0-0: Foul Ball, location: 2F 0-1: Ball 1-1: Ball 2-1: SINGLE (Groundball, 56D, EV 96.2 MPH) Sam Dowdy scores
|
|
Batting: SHB Carlos Rodriguez
|
0-0: Ball 1-0: Fly out, F7 (Line Drive, 7D, EV 91.2 MPH)
|
| Bottom of the 2nd over - 1 run, 3 hits, 0 errors, 1 left on base; Gwinnett 2 - Reno 1 |
| TOP OF THE 3RD |
|
Gwinnett Braves batting - Pitching for Reno Aces : RHP Cody Savastand
|
|
Batting: RHB Mike Manchester
|
0-0: Ball 1-0: Ball 2-0: Called Strike 2-1: Foul Ball, location: 2F 2-2: Foul Ball, location: 2F 2-2: Foul Ball, location: 2F 2-2: Strikes out swinging
|
|
Batting: RHB Nate Taylor
|
0-0: Ball 1-0: Swinging Strike 1-1: Ball 2-1: SINGLE (Groundball, 34D, EV 97.5 MPH)
|
|
Batting: LHB Chris Locklear
|
0-0: Called Strike 0-1: Swinging Strike 0-2: Fly out, F8 (Flyball, 8RD, EV 95.0 MPH)
|
|
Batting: LHB David Bramble
|
0-0: Swinging Strike 0-1: Swinging Strike 0-2: Foul Ball, location: 2F 0-2: Foul Ball, location: 2F 0-2: Ball 1-2: Foul Ball, location: 2F 1-2: SINGLE (Groundball, 4MD, EV 109.4 MPH) Nate Taylor to second Runner from 2nd tries for 3rd, SAFE, throw by CF made to third
|
|
Batting: SHB Bob Morales
|
0-0: Ball 1-0: Swinging Strike 1-1: Ball 2-1: Foul Ball, location: 2F 2-2: Foul Ball, location: 2F 2-2: Strikes out swinging
|
| Top of the 3rd over - 0 runs, 2 hits, 0 errors, 2 left on base; Gwinnett 2 - Reno 1 |
| BOTTOM OF THE 3RD |
|
Reno Aces batting - Pitching for Gwinnett Braves : LHP Kyle Foster
|
|
Batting: LHB Kyle Beaulieu
|
0-0: Bunted foul 0-1: Swinging Strike 0-2: Foul Ball, location: 2F 0-2: Ball 1-2: Ball 2-2: Foul Ball, location: 2F 2-2: Strikes out swinging
|
|
Batting: RHB Roberto Rodriguez
|
0-0: Ball 1-0: Ground out 6-3 (Groundball, 6, EV 80.6 MPH)
|
|
Batting: RHB Danny Gerardo
|
0-0: Swinging Strike 0-1: Ball 1-1: Called Strike 1-2: Ground out 6-3 (Groundball, 6, EV 86.9 MPH)
|
| Bottom of the 3rd over - 0 runs, 0 hits, 0 errors, 0 left on base; Gwinnett 2 - Reno 1 |
| TOP OF THE 4TH |
|
Gwinnett Braves batting - Pitching for Reno Aces : RHP Cody Savastand
|
|
Batting: SHB Brian Bagley
|
0-0: Called Strike 0-1: Foul Ball, location: 2F 0-2: Foul Ball, location: 2F 0-2: Ball 1-2: Ground out U3 (Groundball, 3, EV 103.8 MPH)
|
|
Batting: RHB Alex Munoz
|
0-0: Called Strike 0-1: Swinging Strike 0-2: Fly out, F6 (Line Drive, 6, EV 72.5 MPH)
|
|
Batting: RHB John Peterson
|
0-0: Ball 1-0: Swinging Strike 1-1: Swinging Strike 1-2: Ball 2-2: Strikes out looking
|
| Top of the 4th over - 0 runs, 0 hits, 0 errors, 0 left on base; Gwinnett 2 - Reno 1 |
| BOTTOM OF THE 4TH |
|
Reno Aces batting - Pitching for Gwinnett Braves : LHP Kyle Foster
|
|
Batting: RHB Marlon Reda
|
0-0: Called Strike 0-1: Foul Ball, location: 2F 0-2: Ball 1-2: Fly out, F8 (Flyball, 8RS, EV 91.9 MPH)
|
|
Batting: LHB Sam Dowdy
|
0-0: Foul Ball, location: 2F 0-1: Foul Ball, location: 2F 0-2: Ball 1-2: Strikes out swinging
|
|
Batting: LHB Steve Reinhart
|
0-0: Ball 1-0: SINGLE (Line Drive, 8RS, EV 98.8 MPH)
|
|
Batting: RHB Edgar Garcia
|
0-0: Ball 1-0: Called Strike 1-1: Ball 2-1: Ball 3-1: Swinging Strike Pickoff Throw to First - Out! 1-3
|
| Bottom of the 4th over - 0 runs, 1 hit, 0 errors, 0 left on base; Gwinnett 2 - Reno 1 |
| TOP OF THE 5TH |
|
Gwinnett Braves batting - Pitching for Reno Aces : RHP Cody Savastand
|
|
Batting: RHB Dave Nickerson
|
0-0: Swinging Strike 0-1: Called Strike 0-2: Ball 1-2: Foul Ball, location: 2F 1-2: Strikes out swinging
|
|
Batting: RHB Mike Manchester
|
0-0: Ball 1-0: Fly out, F9 (Flyball, 89S, EV 81.9 MPH)
|
|
Batting: RHB Nate Taylor
|
0-0: Ball 1-0: Ball 2-0: Foul Ball, location: 2F 2-1: Foul Ball, location: 2F 2-2: Foul Ball, location: 2F 2-2: Foul Ball, location: 2F 2-2: Strikes out swinging
|
| Top of the 5th over - 0 runs, 0 hits, 0 errors, 0 left on base; Gwinnett 2 - Reno 1 |
| BOTTOM OF THE 5TH |
|
Reno Aces batting - Pitching for Gwinnett Braves : LHP Kyle Foster
|
|
Batting: RHB Edgar Garcia
|
0-0: Ball 1-0: Foul Ball, location: 2F 1-1: Ball 2-1: Ball 3-1: Base on Balls
|
|
Batting: RHB Dan Boylan
|
0-0: Ball 1-0: Ball 2-0: Ball 3-0: Called Strike 3-1: Base on Balls Edgar Garcia to second
|
|
Batting: SHB Carlos Rodriguez
|
0-0: Fly out, F7 (Flyball, 78D, EV 98.1 MPH)
|
|
Batting: LHB Kyle Beaulieu
|
0-0: Called Strike 0-1: Ball 1-1: Fly out, F7 (Flyball, 7D, EV 95.6 MPH)
|
|
Batting: RHB Roberto Rodriguez
|
0-0: Ball 1-0: Foul Ball, location: 2F 1-1: Ground out 4-3 (Groundball, 4M, EV 104.4 MPH)
|
| Bottom of the 5th over - 0 runs, 0 hits, 0 errors, 2 left on base; Gwinnett 2 - Reno 1 |
| TOP OF THE 6TH |
|
Gwinnett Braves batting - Pitching for Reno Aces : RHP Cody Savastand
|
|
Batting: LHB Chris Locklear
|
0-0: Swinging Strike 0-1: Swinging Strike 0-2: Ball 1-2: Ball 2-2: Strikes out looking
|
|
Pitching: RHP Marco Rodriguez
|
|
|
Batting: LHB David Bramble
|
0-0: Ball 1-0: Swinging Strike 1-1: Ball 2-1: SOLO HOME RUN (Flyball, 7D, EV 95.6 MPH), Distance : 379 ft
|
|
Batting: SHB Bob Morales
|
0-0: Swinging Strike 0-1: Ball 1-1: Fly out, F7 (Flyball, 78M, EV 95.6 MPH)
|
|
Batting: SHB Brian Bagley
|
0-0: Swinging Strike 0-1: Ball 1-1: Foul Ball, location: 2F 1-2: Ball 2-2: DOUBLE (Flyball, 8LXD, EV 100.0 MPH)
|
|
Batting: RHB Alex Munoz
|
0-0: Called Strike 0-1: Ball 1-1: DOUBLE (Groundball, 5L, EV 103.8 MPH) Brian Bagley scores
|
|
Batting: RHB John Peterson
|
0-0: Ball 1-0: Foul Ball, location: 2F 1-1: Ball 2-1: Fly out, F4 (Popup, 6M, EV 78.8 MPH)
|
| Top of the 6th over - 2 runs, 3 hits, 0 errors, 1 left on base; Gwinnett 4 - Reno 1 |
| BOTTOM OF THE 6TH |
|
Reno Aces batting - Pitching for Gwinnett Braves : LHP Kyle Foster
|
|
Batting: RHB Danny Gerardo
|
0-0: Foul Ball, location: 2F 0-1: Ball 1-1: Fly out, F9 (Flyball, 89D, EV 85.6 MPH)
|
|
Batting: RHB Marlon Reda
|
0-0: Foul Ball, location: 2F 0-1: Ball 1-1: Called Strike 1-2: Ball 2-2: Ground out 6-3 (Groundball, 6, EV 84.4 MPH)
|
|
Batting: LHB Sam Dowdy
|
0-0: Ball 1-0: Ground out 4-3 (Groundball, 34, EV 86.9 MPH)
|
| Bottom of the 6th over - 0 runs, 0 hits, 0 errors, 0 left on base; Gwinnett 4 - Reno 1 |
| TOP OF THE 7TH |
|
Gwinnett Braves batting - Pitching for Reno Aces : RHP Marco Rodriguez
|
|
Pitching: RHP Chad Toms
|
|
|
Batting: RHB Dave Nickerson
|
0-0: Called Strike 0-1: Foul Ball, location: 2F 0-2: Ball 1-2: Foul Ball, location: 2F 1-2: Ball 2-2: Ball 3-2: Strikes out looking
|
|
Batting: RHB Mike Manchester
|
0-0: Ball 1-0: Called Strike 1-1: Swinging Strike 1-2: Strikes out swinging
|
|
Batting: RHB Nate Taylor
|
0-0: Ball 1-0: Called Strike 1-1: Ground out 6-3 (Groundball, 6, EV 87.5 MPH)
|
| Top of the 7th over - 0 runs, 0 hits, 0 errors, 0 left on base; Gwinnett 4 - Reno 1 |
| BOTTOM OF THE 7TH |
|
Reno Aces batting - Pitching for Gwinnett Braves : LHP Kyle Foster
|
|
Batting: LHB Steve Reinhart
|
0-0: Fly out, F7 (Line Drive, 7, EV 89.4 MPH)
|
|
Batting: RHB Edgar Garcia
|
0-0: Ball 1-0: Called Strike 1-1: SINGLE (Line Drive, 6D, EV 94.4 MPH)
|
|
Batting: RHB Dan Boylan
|
0-0: TRIPLE (Flyball, 89XD, EV 95.6 MPH) Edgar Garcia scores
|
|
Batting: SHB Carlos Rodriguez
|
0-0: Called Strike 0-1: Ball 1-1: Ball 2-1: Foul Ball, location: 2F 2-2: Ground out 4-3 (Groundball, 4, EV 94.4 MPH) Dan Boylan scores
|
|
Pinch Hitting: RHB Dustin Clark
|
0-0: Ball 1-0: Foul Ball, location: 2F 1-1: Called Strike 1-2: Ground out 5-3 (Groundball, 56, EV 101.9 MPH)
|
| Bottom of the 7th over - 2 runs, 2 hits, 0 errors, 0 left on base; Gwinnett 4 - Reno 3 |
| TOP OF THE 8TH |
|
Gwinnett Braves batting - Pitching for Reno Aces : RHP Chad Toms
|
|
Pitching: LHP Tristan Morrow
|
|
|
Now at 2B: Dustin Clark
|
|
|
Batting: LHB Chris Locklear
|
0-0: Called Strike 0-1: Ball 1-1: Foul Ball, location: 2F 1-2: Ball 2-2: Foul Ball, location: 2F 2-2: Ball 3-2: Foul Ball, location: 2F 3-2: Base on Balls
|
|
Batting: LHB David Bramble
|
0-0: Ball 1-0: Swinging Strike 1-1: Swinging Strike 1-2: Strikes out looking
|
|
Batting: SHB Bob Morales
|
0-0: Grounds into double play, 4-6-3 (Groundball, 34, EV 104.4 MPH)
|
| Top of the 8th over - 0 runs, 0 hits, 0 errors, 0 left on base; Gwinnett 4 - Reno 3 |
| BOTTOM OF THE 8TH |
|
Reno Aces batting - Pitching for Gwinnett Braves : LHP Kyle Foster
|
|
Now in RF: Fred Arends
|
|
|
Batting: RHB Roberto Rodriguez
|
0-0: Ball 1-0: Ball 2-0: Foul Ball, location: 2F 2-1: SINGLE (Groundball, 6MD, EV 100.6 MPH)
|
|
Batting: RHB Danny Gerardo
|
0-0: Foul Ball, location: 2F 0-1: Ball 1-1: Grounds into double play, 6-4-3 (Groundball, 6, EV 85.6 MPH)
|
|
Batting: RHB Marlon Reda
|
0-0: Called Strike 0-1: Called Strike 0-2: Ball 1-2: Ground out 4-3 (Groundball, 4, EV 105.6 MPH)
|
| Bottom of the 8th over - 0 runs, 1 hit, 0 errors, 0 left on base; Gwinnett 4 - Reno 3 |
| TOP OF THE 9TH |
|
Gwinnett Braves batting - Pitching for Reno Aces : LHP Tristan Morrow
|
|
Pitching: LHP Justin Dine
|
|
|
Batting: SHB Brian Bagley
|
0-0: SOLO HOME RUN (Flyball, 7D, EV 93.8 MPH), Distance : 374 ft
|
|
Batting: RHB Alex Munoz
|
0-0: Ground out 6-3 (Groundball, 6, EV 86.9 MPH)
|
|
Batting: RHB John Peterson
|
0-0: Ball 1-0: SINGLE (Groundball, 56D, EV 106.9 MPH)
|
|
Batting: RHB Dave Nickerson
|
0-0: Ball 1-0: Fly out, F7 (Flyball, 7D, EV 96.2 MPH)
|
|
Batting: RHB Mike Manchester
|
0-0: Called Strike John Peterson steals 2nd base (no throw) 0-1: Ball 1-1: Ball 2-1: Foul Ball, location: 2F 2-2: Ball 3-2: Ground out 5-3 (Groundball, 56, EV 92.5 MPH)
|
| Top of the 9th over - 1 run, 2 hits, 0 errors, 1 left on base; Gwinnett 5 - Reno 3 |
| BOTTOM OF THE 9TH |
|
Reno Aces batting - Pitching for Gwinnett Braves : LHP Kyle Foster
|
|
Pitching: RHP Adam Reynolds
|
|
|
Batting: LHB Sam Dowdy
|
0-0: Called Strike 0-1: Swinging Strike 0-2: Strikes out swinging
|
|
Batting: LHB Steve Reinhart
|
0-0: Called Strike 0-1: SINGLE (Groundball, 56D, EV 100.0 MPH)
|
|
Batting: LHB Ian Jarvis
|
0-0: Ball 1-0: Ball 2-0: Ball Wild Pitch! Steve Reinhart to second 3-0: Called Strike 3-1: Foul Ball, location: 2F 3-2: Foul Ball, location: 2F 3-2: Foul Ball, location: 2F 3-2: Strikes out swinging
|
|
Pinch Hitting: LHB Jeff Densmore
|
0-0: Ball 1-0: Foul Ball, location: 2F 1-1: Ball 2-1: Swinging Strike 2-2: Foul Ball, location: 2F 2-2: Fly out, F8 (Line Drive, 8RM, EV 85.6 MPH)
|
| Bottom of the 9th over - 0 runs, 1 hit, 0 errors, 1 left on base; Gwinnett 5 - Reno 3 |
|